 Dungeon Crawl Stone Soup version 0.23.2-40-g277498a001 (webtiles) character file.

Game seed: 1565522386039128914

330 Gildeon the Cleaver (level 6, -2/51 HPs)
             Began as a Minotaur Fighter on Sept 21, 2019.
             Was an Initiate of Ashenzari.
             Slain by a leopard gecko skeleton (3 damage)
             ... on level 4 of the Dungeon.
             The game lasted 00:05:11 (2547 turns).

Gildeon the Cleaver (Minotaur Fighter)              Turns: 2547, Time: 00:05:12

Health: -2/51      AC: 13    Str: 22    XL:     6   Next: 26%
Magic:  0/5        EV:  7    Int:  5    God:    Ashenzari [......]
Gold:   226        SH:  0    Dex: 10    Spells: 5/5 levels left

rFire    . . .     SeeInvis .   a - +1 war axe
rCold    . . .     Gourm    .   (no shield)
rNeg     . . .     Faith    .   j - +0 chain mail
rPois    .         Spirit   +   (helmet restricted)
rElec    .         Reflect  .   (no cloak)
rCorr    .         Harm     .   e - +0 pair of gloves
MR       .....                  (no boots)
Stlth    ..........             p - amulet of guardian spirit
HPRegen  0.17/turn              i - +1 ring of protection
MPRegen  0.09/turn              k - +2 ring of protection

@: no status effects
A: retaliatory headbutt, horns 2
a: Curse Item, Renounce Religion


You were on level 4 of the Dungeon.
You worshipped Ashenzari.
Ashenzari was noncommittal.
You were not hungry.

You visited 1 branch of the dungeon, and saw 4 of its levels.

You collected 226 gold pieces.

Inventory:

Hand Weapons
 a - a +1 war axe (weapon)
 c - a +0 club
Armour
 e - a +0 pair of gloves (worn)
 j - a +0 chain mail (worn)
Jewellery
 i - a +1 ring of protection (left hand)
 k - a +2 ring of protection (right hand)
 p - an amulet of guardian spirit (around neck)
 x - an uncursed ring of flight
Wands
 w - a wand of scattershot (3)
Scrolls
 r - a scroll of remove curse
Potions
 d - 3 potions of might
 g - 2 potions of heal wounds
 h - 2 potions of degeneration {unknown}
 l - a potion of agility {unknown}
 n - a potion of haste {unknown}
 o - 2 potions of berserk rage {unknown}
 q - a potion of ambrosia {unknown}
 s - 2 potions of lignification {unknown}
Comestibles
 f - 10 rations
 m - 7 chunks of flesh


   Skills:
 - Level 3.6 Fighting
 + Level 8.1 Axes
 - Level 3.6 Armour
   Level 3.6 Shields


You had 5 spell levels left.
You didn't know any spells.
Your spell library was empty.

Dungeon Overview and Level Annotations

Branches:
Dungeon (4/15)
 Temple: D:4-7

Altars:
Ashenzari
Qazlal
Ru
Vehumet
Yredelemnul
The Shining One


Innate Abilities, Weirdness & Mutations

You reflexively headbutt those who attack you in melee.
You have a pair of horns on your head.


Message History

The ogre is moderately wounded.
The ogre hits you with a +0 giant spiked club!!
You slash the ogre! Your headbutt misses the ogre.
The ogre is almost dead.
The ogre hits you but does no damage.
You barely miss the ogre.
The ogre is almost dead.
The ogre hits you with a +0 giant spiked club!!
* * * LOW HITPOINT WARNING * * *
You slash the ogre!
You kill the ogre!
Your Axes skill increases to level 8!
You have reached level 6!
Your experience leads to an increase in your attributes!
Increase (S)trength, (I)ntelligence, or (D)exterity?
You feel stronger.
Your chain mail prevents you from hitting the leopard gecko skeleton.
Your headbutt misses the leopard gecko skeleton.
The leopard gecko skeleton bites you.
You die...

#......######......#
.....### .
#......#####.......#...# #.
....[....##......÷...# #.
...............##..###
#......(....##......##
#.##.......####.##..[.#.
#............#...#.#....
.#.................##...##
............####@.###....#
.#...##.....# #Z###.....#
#.......#... .......##.#
......##...............##.##
.... ......##.......§....#
... ......# .............#
... ................ ...
..........##.#.. #.........#
...


You could see a leopard gecko skeleton.

Vanquished Creatures
  A slave (D:4)
  An ogre (D:4)
  4 worker ants
  Natasha (thrice) (D:2)
  An adder (D:3)
  2 worms
  3 dart slugs
  A leopard gecko (D:3)
  2 ball pythons
  4 giant cockroaches
  3 goblins
  12 hobgoblins
  4 jackals (D:3)
  5 kobolds
  2 quokkas
  2 bats (D:2)
  6 frilled lizards
  A quokka skeleton (D:4)
  2 rats
59 creatures vanquished.

Notes
Turn   | Place    | Note
-------+----------+-------------------------------------------
     0 | D:1      | Gildeon the Minotaur Fighter began the quest for the Orb.
     0 | D:1      | Reached XP level 1. HP: 19/19 MP: 0/0
    48 | D:1      | Reached skill level 3 in Axes
   313 | D:1      | Reached XP level 2. HP: 24/26 MP: 1/1
   718 | D:2      | Reached skill level 4 in Axes
   980 | D:2      | Reached XP level 3. HP: 31/31 MP: 2/2
   987 | D:2      | Reached skill level 5 in Axes
  1057 | D:2      | Noticed Natasha
  1066 | D:2      | Killed Natasha
  1066 | D:2      | Reached XP level 4. HP: 21/39 MP: 3/3
  1324 | D:2      | Noticed Natasha
  1332 | D:2      | Killed Natasha
  1445 | D:2      | Reached skill level 6 in Axes
  1467 | D:2      | Found a shattered altar of Ashenzari.
  1467 | D:2      | Found a radiant altar of Vehumet.
  1471 | D:2      | Became a worshipper of Ashenzari the Shackled
  1485 | D:2      | Noticed Natasha
  1491 | D:2      | Killed Natasha
  1491 | D:2      | Reached XP level 5. HP: 36/45 MP: 4/4
  1769 | D:3      | Found a basalt altar of Yredelemnul.
  1975 | D:3      | Found a sacrificial altar of Ru.
  2194 | D:3      | Found a stormy altar of Qazlal.
  2195 | D:3      | Noticed a fire elemental
  2196 | D:3      | Noticed a water elemental
  2197 | D:3      | Noticed an air elemental
  2312 | D:4      | Noticed an ogre
  2337 | D:4      | Reached skill level 7 in Axes
  2372 | D:4      | Noticed a slave
  2396 | D:4      | Killed a slave
  2435 | D:4      | Found a glowing golden altar of the Shining One.
  2545 | D:4      | HP: 1/45 [ogre/+0 giant spiked club (17)]
  2546 | D:4      | Killed an ogre
  2546 | D:4      | Reached skill level 8 in Axes
  2546 | D:4      | Reached XP level 6. HP: 1/51 MP: 0/5
  2547 | D:4      | Slain by a leopard gecko skeleton

Skill      XL: |  1  2  3  4  5 |
---------------+----------------+-----
Axes           | 3 4 5 6 8 |  8.1
Fighting       | |  3.6
Armour         | |  3.6
Shields        | |  3.6

Action                   |  1- 3 |  4- 6 || total
-------------------------+-------+-------++-------
Melee: War axe           |    61 |    75 ||   136
       Headbutt          |     8 |    14 ||    22
  Use: Scroll            |     1 |     5 ||     6
  Eat: Chunk             |       |     5 ||     5
Armor: Scale mail        |    33 |    27 ||    60
       Chain mail        |       |    14 ||    14
Dodge: Dodged            |    28 |    28 ||    56
